 Dungeon Crawl Stone Soup version 0.30-a0-297-g0ec75d9ef4 (webtiles) character file.

Game seed: 14095023842945556978

61 lunkers the Gusty (level 4, 0/33 HPs)
             Began as a Meteoran Air Elementalist on Oct 19, 2022.
             Was an Initiate of Hepliaklqana.
             Killed by their own static electricity (3 damage)
             ... on level 4 of the Dungeon.
             The game lasted 00:01:28 (1084 turns).

lunkers the Gusty (Meteoran Air Elementalist)       Turns: 1084, Time: 00:01:28

Health: 0/33       AC:  2    Str:  9    XL:     4   Next: 51%
Magic:  8/10       EV: 12    Int: 19    God:    Hepliaklqana [......]
Gold:   90         SH:  0    Dex: 14    Spells: 7/10 levels left

rFire   . . .      SeeInvis .    c - +0 short sword
rCold   . . .      Faith    .    (no shield)
rNeg    . . .      Spirit   .    a - +0 robe
rPois   .          Reflect  .    (no helmet)
rElec   .          Harm     .    (no cloak)
rCorr   .          Rampage  .    (no gloves)
Will    .....                    (no boots)
Stlth   +.........               j - amulet of the acrobat
HPRegen 0.25/turn                (no ring)
MPRegen 0.12/turn                (no ring)

@: glowing
A: sense surroundings 1, otherworldly, glowing, explore regen
a: Renounce Religion


You were on level 4 of the Dungeon.
You worshipped Hepliaklqana.
Hepliaklqana was noncommittal.
You visited 1 branch of the dungeon, and saw 4 of its levels.

You collected 90 gold pieces.

Inventory:

Hand Weapons
 c - a +0 short sword (weapon)
 o - a +0 quarterstaff
Armour
 a - a +0 robe (worn)
Jewellery
 j - an amulet of the acrobat (around neck)
Scrolls
 f - 2 scrolls of identify {unknown}
 g - a scroll of poison {unknown}
 h - a scroll of magic mapping {unknown}
 k - a scroll of noise {unknown}
 m - a scroll of teleportation {unknown}
 n - a scroll of brand weapon {unknown}
Potions
 d - a potion of flight {unknown}
 e - a potion of curing {unknown}
 i - 2 potions of ambrosia {unknown}
 l - a potion of might {unknown}


   Skills:
 - Level 2.4 Dodging
 - Level 1.4 Stealth
 + Level 3.7 Spellcasting
 - Level 1.2 Conjurations
 * Level 5.2 Air Magic


You had 7 spell levels left.
You knew the following spells:

 Your Spells              Type           Power      Damage    Failure   Level
a - Shock                 Conj/Air       60%        1d6       3%          1
b - Static Discharge      Conj/Air       30%        2-4/arc   6%          2

Your spell library contained the following spells:

 Spells                   Type           Power      Damage    Failure   Level
 Swiftness                Air            23%        N/A       4%          3
 Airstrike                Air            11%        2d(2-18)  16%         4


Dungeon Overview and Level Annotations

Branches:
Dungeon (4/15) Zot: 1313
 Temple: D:4-7

Altars:
Hepliaklqana

Annotations:
D:4 Dowan, Duvessa


Innate Abilities, Weirdness & Mutations

You passively map a small area around you.
You are easily found by Zot.
You glow in the dark.
You regain HP and MP as you explore.


Message History

Duvessa hits you with a +0 short sword!
Unknown command.
Casting: Shock (safe; 3% risk of failure)
Confirm with . or Enter, or press ? or * to list all spells.
The zap hits Duvessa.
Duvessa is moderately wounded.
The zap hits Duvessa.
Duvessa is moderately wounded.
* * * LOW MAGIC WARNING * * *
Dowan, Brother of Duvessa comes into view.
He is wielding a +0 dagger.
Duvessa hits you with a +0 short sword!
* * * LOW HITPOINT WARNING * * *
Casting: Shock (safe; 3% risk of failure)
Confirm with . or Enter, or press ? or * to list all spells.
Aiming: Shock (safe; 3% risk of failure)
Press: ? - help, Shift-Dir - straight line, f/p - Duvessa
Aim: Duvessa, wielding a +0 short sword and wearing a +0 chain mail (moderately wounded, 83% to hit)
The zap hits Duvessa.
Duvessa is moderately wounded.
The zap hits Duvessa.
Duvessa is heavily wounded.
Dowan shouts!
* * * LOW MAGIC WARNING * * *
Duvessa hits you with a +0 short sword.
* * * LOW HITPOINT WARNING * * *
Unknown command.
You aren't carrying any items that you can evoke.
Unknown command.
Magic courses through your body. Duvessa hits you with a +0 short sword!
* * * LOW HITPOINT WARNING * * *
Casting: Shock (safe; 3% risk of failure)
Confirm with . or Enter, or press ? or * to list all spells.
Duvessa is struck by an arc of lightning.
Duvessa is heavily wounded.
You are struck by an arc of lightning.
* * * LOW HITPOINT WARNING * * *
Duvessa is struck by an arc of lightning.
Duvessa is severely wounded.
You are struck by an arc of lightning.
You die...

... ,...# #.# #..#
#.##, * #..# ...#####
#..#
.......###########..#
...###..............#
#.## ##############(#
...# #####...#####.#
~≈≈≈≈≈#.....#e.e@...#
~≈≈≈####$##...#######
~~.## #. #####
~#..,..,* ######


You could see Duvessa and Dowan.

Vanquished Creatures
  An iguana (D:4)
  A worm (D:2)
  7 ball pythons
  3 endoplasms
  5 goblins
  3 hobgoblins
  A bat (D:1)
  4 kobolds
  7 rats
32 creatures vanquished.

Notes
Turn   | Place    | Note
-------+----------+-------------------------------------------
     0 | D:1      | lunkers the Meteoran Air Elementalist began the quest for
                  | the Orb.
     0 | D:1      | Reached XP level 1. HP: 14/14 MP: 5/5
   171 | D:1      | Reached XP level 2. HP: 20/20 MP: 0/6
   227 | D:1      | Learned a level 2 spell: Static Discharge
   233 | D:1      | Reached skill level 4 in Air Magic
   442 | D:2      | Reached XP level 3. HP: 26/26 MP: 6/8
   857 | D:3      | Found a hazy altar of Hepliaklqana.
   997 | D:3      | Became a worshipper of Hepliaklqana the Forgotten
  1062 | D:4      | Reached skill level 5 in Air Magic
  1062 | D:4      | Reached XP level 4. HP: 33/33 MP: 2/10
  1072 | D:4      | Noticed Duvessa
  1081 | D:4      | Noticed Dowan
  1084 | D:4      | Killed from afar by themself

Illustrated notes

Levels and vault maps discovered:
D:1:      minmay_arrival_five_plusses, layout_loops_corners
D:2:      wander_river, layout_rooms, minmay_tall_x, uniq_crazy_yiuf_cottage
D:3:      layout_basic, mainiacjoe_overflow_big_doors,
          mainiacjoe_overflow_six_doors_small
D:4:      layout_loops_ring, mainiacjoe_overflow_tiny_flanked,
          chequers_serial_rivers_small_3, uniq_natasha, uniq_duvessa,
          uniq_grinder

Skill      XL: |  1  2  3 |
---------------+----------+-----
Air Magic      | 4 5 |  5.2
Spellcasting   | 3 |  3.7
Dodging        | |  2.4
Stealth        | |  1.4
Conjurations   | |  1.2

Action                   |  1- 3 |  4- 6 || total
-------------------------+-------+-------++-------
Melee: Short sword       |     2 |       ||     2
 Cast: Shock             |    66 |     4 ||    70
  Use: Potion            |       |     1 ||     1
Dodge: Dodged            |     3 |       ||     3

Table legend: (Time is in decaauts)
 A = Elapsed time spent in this place.
 B = Non-inter-level travel time spent in this place.
 C = Inter-level travel time spent in this place.
 D = Time resting spent in this place.
 E = Time spent auto-exploring this place.
 F = Levels seen in this place.
 G = Mean time per level.
                   A        B        C        D        E       F      G
               +--------+--------+--------+--------+--------+-----+--------+
         Total |   1086 |   1036 |     50 |      0 |    848 |   4 |  271.5 |
       Dungeon |   1086 |   1036 |     50 |      0 |    848 |   4 |  271.5 |
               +--------+--------+--------+--------+--------+-----+--------+

Top non-repeatable levels by time:
     D:1: 434 daAuts
     D:3: 405 daAuts
     D:2: 186 daAuts
     D:4: 59 daAuts
